 Dungeon Crawl Stone Soup version 0.28-a0-1374-ga75cb3825e (webtiles) character file.

Game seed: 12556026692715077728

16625 fragbeetle the Cleaver (level 12, -2/150 HPs)
             Began as a Palentonga Berserker on Jan 1, 2022.
             Was a High Priest of Trog.
             Succumbed to Sonja's poison
             ... on level 12 of the Dungeon.
             The game lasted 00:44:19 (12903 turns).

fragbeetle the Cleaver (Palentonga Berserker)      Turns: 12903, Time: 00:44:20

Health: -2/150     AC: 25    Str: 30    XL:     12   Next: 11%
Magic:  12/12      EV: 10    Int: 10    God:    Trog [*****.]
Gold:   485        SH:  0    Dex: 15    Spells: 11/11 levels left

rFire   + + .      SeeInvis +   a - +2 flail (protect)
rCold   . . .      Faith    .   (no shield)
rNeg    . . .      Spirit   .   Q - +7 chain mail "Ufinkyd" {rPois rF++ Str-2}
rPois   +          Reflect  .   K - +1 hat {Will+}
rElec   .          Harm     .   q - +0 cloak
rCorr   .          Rampage  .   (no gloves)
Will    +....                   (no barding)
Stlth   ..........              Y - amulet of Jeuwkae {Acrobat Int+2}
HPRegen 0.35/turn               r - +6 ring of dexterity
MPRegen 0.13/turn               p - +6 ring of strength

@: berserking, lethally poisoned (-2 -> -32), under a protective aura, slowed
A: large, rugged brown scales 3, see invisible, deformed body, roll 1, armoured
tail, reflexive curl
a: Rolling Charge, Renounce Religion, Berserk, Trog's Hand, Brothers in Arms


You were on level 12 of the Dungeon.
You worshipped Trog.
Trog was extremely pleased with you.
You visited 2 branches of the dungeon, and saw 13 of its levels.
You also visited: Bailey.

You collected 641 gold pieces.
You spent 156 gold pieces at shops.

Inventory:

Hand Weapons
 a - a +2 flail of protection (weapon)
 b - a +0 longbow
 V - a +3 war axe
Missiles
 s - 181 arrows
 P - 10 boomerangs
 S - 26 poisoned darts
 T - 6 datura-tipped darts
Armour
 e - a +1 helmet of see invisible
 q - a +0 cloak (worn)
 K - a +1 hat of willpower (worn)
 N - +0 acid dragon scales
 Q - the +7 chain mail "Ufinkyd" (worn) {rPois rF++ Str-2}
   (You found it on level 6 of the Dungeon)

   Str:       It affects your strength (-2).
   rF:        It greatly protects you from fire.
   rPois:     It protects you from poison.
 W - a +2 ring mail of poison resistance
Jewellery
 g - a ring of protection from fire
 h - an amulet of guardian spirit
 p - a +6 ring of strength (right hand)
 r - a +6 ring of dexterity (left hand)
 w - a ring of positive energy
 y - a ring of willpower
 z - a +6 ring of strength
 C - a +6 ring of dexterity
 G - a ring of protection from cold
 R - a ring of poison resistance
 Y - the amulet of Jeuwkae (around neck) {Acrobat Int+2}
   (You found it on level 8 of the Dungeon)

   [amulet of the acrobat]

   It increases your evasion while moving and waiting.
   Int:       It affects your intelligence (+2).
Wands
 c - a wand of charming (3)
 j - a wand of iceblast (4)
 o - a wand of acid (6)
 t - a wand of flame (15)
 H - a wand of digging (6)
 I - a wand of paralysis (6)
Scrolls
 d - a scroll of blinking
 i - 5 scrolls of teleportation
 n - 3 scrolls of immolation
 u - a scroll of brand weapon {unknown}
 A - a scroll of torment {unknown}
 D - a scroll of holy word {unknown}
 E - 2 scrolls of fear
 L - 2 scrolls of magic mapping
 M - a scroll of summoning {unknown}
 O - 5 scrolls of fog
 X - a scroll of vulnerability {unknown}
Potions
 f - 3 potions of flight
 k - 6 potions of heal wounds
 l - 3 potions of attraction
 m - 2 potions of mutation {unknown}
 v - 2 potions of haste {unknown}
 x - 4 potions of invisibility
 B - a potion of curing
 F - 2 potions of brilliance {unknown}
 J - 2 potions of might {unknown}
 U - 2 potions of magic {unknown}
 Z - 2 potions of ambrosia {unknown}


   Skills:
 + Level 8.9 Fighting
 + Level 9.3(10.5) Axes
 + Level 7.7(9.7) Maces & Flails
 + Level 5.3 Bows
 + Level 7.1 Armour
 + Level 7.1 Dodging
 - Level 2.4 Shields
 - Level 2.6 Evocations


You had 11 spell levels left.
You didn't know any spells.
Your spell library contained the following spells:

 Spells                   Type           Power      Damage    Failure   Level
 Animate Skeleton         Necr           0%         N/A       86%         1
 Magic Dart               Conj           0%         1d3       86%         1
 Pain                     Necr           0%         1d4       86%         1
 Call Imp                 Summ           0%         N/A       94%         2
 Wereblood                Tmut           0%         N/A       94%         2
 Inner Flame              Hex/Fire       0%         N/A       99%         3
 Mephitic Cloud           Conj/Pois/Air  0%         N/A       99%         3
 Vampiric Draining        Necr           0%         2d6       99%         3
 Cause Fear               Hex            0%         N/A       100%        4
 Fireball                 Conj/Fire      0%         3d3       100%        5
 Dragon Form              Tmut           0%         N/A       100%        7
 Discord                  Hex            0%         N/A       100%        8


Dungeon Overview and Level Annotations

Branches:
Dungeon (12/15)            Temple (1/1) D:7             Orc (0/2) D:11
 Bailey (visited)
   Lair: D:8-11

Altars:
Nemelex Xobeh
Qazlal
Ru
Yredelemnul
Zin
Beogh

Shops:
D:1 !   D:2 [   D:8 *

Portals:
Trove: D:10 (give +4 demon trident)


Innate Abilities, Weirdness & Mutations

You are completely covered in rugged brown scales. (AC +3, +7% HP)
You have supernaturally acute eyesight. (SInv)
Armour fits poorly on your strangely shaped body.
You can roll at nearby foes to attack.
You have a long armoured tail.
You curl defensively after being hit. (AC +7*)


Message History

You are more poisoned.
The red ugly thing headbutts you!
You are engulfed in flames.
You resist.
The red ugly thing headbutts you but does no damage.
Sonja gestures wildly while chanting.
Sonja blinks!
You feel very sick. The red ugly thing headbutts you.
* * * LOW HITPOINT WARNING * * *
You are engulfed in flames.
You resist.
* * * LOW HITPOINT WARNING * * *
Sonja hits you but does no damage. Sonja closely misses you.
Sonja hits you but does no damage.
A red film seems to cover your vision as you go berserk!
You feel yourself moving faster!
You feel mighty!
You feel very sick. Sonja completely misses you.
Sonja hits you but does no damage. x2
You are more poisoned.
The red ugly thing headbutts you but does no damage.
Sonja hits you but does no damage. x2
Sonja hits you with a +0 short sword of venom.
* * * LOW HITPOINT WARNING * * *
You are more poisoned.
The red ugly thing headbutts you but does no damage.
You miss Sonja.
Your tail-slap misses Sonja.
Sonja is almost dead.
* * * LOW HITPOINT WARNING * * *
You feel very sick. Sonja closely misses you.
Sonja hits you but does no damage.
You are lethally poisoned!
Sonja hits you but does no damage. The red ugly thing headbutts you!
* * * LOW HITPOINT WARNING * * *
You are engulfed in flames!
You resist.
* * * LOW HITPOINT WARNING * * *
You are too berserk!
You sock Sonja!
Your weapon exudes an aura of protection.
You kill Sonja!
Trog accepts your kill.
Trog appreciates your killing of a magic user.
You die...

.........#.....
.........#....#
.........#....#
.........#....#
.........#..(.#
##########...(###########.
.....[†...................
................)........
..........#.)...@........
................u...####
....................####..#
..........................^
###########################


You could see a red ugly thing.

Vanquished Creatures
  An orc warlord (Bailey)
  Sonja (D:12)
  2 deep elf pyromancers (D:9)
  An orc knight (Bailey)
  Joseph (D:7)
  2 gargoyles
  An unseen horror (D:10)
  2 trolls (D:10)
  A hornet (D:9)
  2 wraiths
  A wyvern (D:8)
  7 yaks
  A shadow (D:8)
  A steam dragon (D:9)
  2 acid dragons
  A swamp drake (D:9)
  A hornet zombie (D:6)
  A sky beast (D:8)
  A black bear (D:12)
  A necrophage (D:8)
  18 orc warriors
  4 centaurs
  An ogre (D:5)
  A kobold brigand (D:11)
  2 gnoll sergeants
  4 bullfrogs
  A wyvern zombie (D:7)
  2 scorpions
  3 killer bees (D:9)
  6 wights (D:8)
  3 howler monkeys
  5 electric eels (D:10)
  A crimson imp (D:9)
  5 centaur zombies
  7 orc priests
  A gnoll shaman (D:7)
  An iron imp (D:9)
  2 jellies
  2 bullfrog skeletons (D:6)
  5 iguanas
  Ijyb (D:3)
  6 orc wizards
  2 killer bee zombies
  A howler monkey zombie (D:10)
  A hound skeleton (D:5)
  27 gnolls
  6 adders
  2 shadow imps
  3 white imps
  2 adder skeletons
  A worm (D:2)
  2 dart slugs
  47 orcs
  5 endoplasms
  4 giant cockroaches
  14 goblins
  14 hobgoblins
  4 jackals (D:2)
  18 kobolds
  4 quokkas
  8 ball pythons
  3 bats
  6 frilled lizards (D:1)
  5 rats (D:1)
291 creatures vanquished.

Vanquished Creatures (others)
  An orc wizard (D:9)
  17 plants
18 creatures vanquished.

Grand Total: 309 creatures vanquished

Notes
Turn   | Place    | Note
-------+----------+-------------------------------------------
     0 | D:1      | fragbeetle the Palentonga Berserker began the quest for the
                  | Orb.
     0 | D:1      | Reached XP level 1. HP: 19/19 MP: 1/1
   267 | D:1      | Found Ypruwos's Distillery.
   294 | D:1      | Reached XP level 2. HP: 25/25 MP: 2/2
   763 | D:1      | Reached ** piety under Trog
   902 | D:1      | Reached XP level 3. HP: 28/31 MP: 3/3
  1349 | D:2      | Reached XP level 4. HP: 37/37 MP: 2/4
  1541 | D:2      | Found Foypiqo Pyra's Armour Boutique.
  1571 | D:2      | Reached skill level 4 in Axes
  2339 | D:3      | Noticed Ijyb
  2364 | D:3      | Killed Ijyb
  2365 | D:3      | Reached XP level 5. HP: 44/44 MP: 3/5
  3115 | D:4      | Reached *** piety under Trog
  3489 | D:5      | Entered Level 5 of the Dungeon
  3600 | D:5      | Noticed an ogre
  3605 | D:5      | Killed an ogre
  3641 | D:5      | Found a sparkling altar of Nemelex Xobeh.
  3669 | D:5      | Reached XP level 6. HP: 51/51 MP: 6/6
  3885 | D:5      | Reached skill level 1 in Maces & Flails
  4076 | D:5      | Reached skill level 5 in Axes
  4313 | D:5      | Gained mutation: You curl defensively after being hit. (AC
                  | +7*) [Palentonga growth]
  4313 | D:5      | Reached XP level 7. HP: 58/58 MP: 5/7
  4802 | D:6      | HP: 2/87 [iguana (4)]
  5779 | D:6      | Identified the +7 chain mail "Ufinkyd" {rPois rF++ Str-2}
  5868 | D:6      | Reached skill level 5 in Fighting
  6389 | D:7      | Reached XP level 8. HP: 66/66 MP: 8/8
  6743 | D:7      | Found a staircase to the Ecumenical Temple.
  6752 | Temple   | Entered the Ecumenical Temple
  6808 | D:7      | Reached skill level 6 in Axes
  7008 | D:1      | Bought a potion of curing for 39 gold pieces
  7008 | D:1      | Bought a potion of heal wounds for 65 gold pieces
  7008 | D:1      | Bought a potion of degeneration for 13 gold pieces
  7008 | D:1      | Bought a potion of attraction for 39 gold pieces
  7481 | D:7      | Noticed Joseph
  7503 | D:7      | Killed Joseph
  7633 | D:7      | Found a glowing silver altar of Zin.
  8021 | D:8      | Reached XP level 9. HP: 60/73 MP: 9/9
  8074 | D:8      | Reached skill level 1 in Bows
  8107 | D:8      | Reached skill level 5 in Armour
  8107 | D:8      | Reached skill level 5 in Dodging
  8249 | D:8      | Reached skill level 7 in Axes
  8249 | D:8      | Reached skill level 5 in Maces & Flails
  8276 | D:8      | Reached **** piety under Trog
  8282 | D:8      | Found a flagged portal.
  8317 | Bailey   | Entered a bailey
  8403 | Bailey   | Noticed an orc knight
  8416 | Bailey   | Killed an orc knight
  8624 | Bailey   | Reached XP level 10. HP: 84/84 MP: 10/10
  8637 | Bailey   | Noticed an orc warlord
  8683 | Bailey   | Killed an orc warlord
  9049 | Bailey   | Reached skill level 8 in Axes
  9049 | Bailey   | Reached XP level 11. HP: 91/92 MP: 11/11
  9404 | D:8      | Found Zuiw's Assorted Antiques.
  9561 | D:8      | Identified the amulet of Jeuwkae {Acrobat Int+2}
 10828 | D:9      | Reached ***** piety under Trog
 10963 | D:9      | Reached skill level 9 in Axes
 11124 | D:9      | Noticed a deep elf pyromancer
 11129 | D:9      | Killed a deep elf pyromancer
 11130 | D:9      | Reached skill level 5 in Bows
 11166 | D:9      | Noticed a deep elf pyromancer
 11173 | D:9      | Killed a deep elf pyromancer
 11266 | D:9      | Noticed a two-headed ogre
 11266 | D:9      | Noticed a two-headed ogre
 11402 | D:10     | Entered Level 10 of the Dungeon
 11632 | D:10     | Found a portal to a secret trove of treasure.
 11664 | D:10     | Reached XP level 12. HP: 100/100 MP: 12/12
 11933 | D:10     | Found a stormy altar of Qazlal.
 11934 | D:10     | Found a basalt altar of Yredelemnul.
 12270 | D:11     | Got the Tome of the Shifting Blaze
 12304 | D:11     | Found a staircase to the Orcish Mines.
 12529 | D:11     | Noticed a boulder beetle
 12880 | D:12     | Noticed Sonja
 12902 | D:12     | HP: 3/150 [red ugly thing (7)]
 12903 | D:12     | Killed Sonja
 12903 | D:12     | Succumbed to Sonja's poison

Illustrated notes

Levels and vault maps discovered:
D:1:      zaba_arrival_water, layout_basic, serial_shops, shop_statue,
          lexackson_kobold_supper
D:2:      minmay_inner_zag, layout_loops_ring, serial_shops, shop
D:3:      layout_loops_corners, uniq_ijyb
D:4:      layout_rooms, nicolae_concentric_dashed_squares_mild
D:5:      layout_basic, nemelex_spade_bored_becter
D:6:      layout_layer_cave
D:7:      layout_basic, mainiacjoe_overflow_catwalk,
          minmay_temple_entry_drinking_statues, nicolae_grassy_gnolls,
          uniq_joseph
D:8:      layout_loops_corners, enter_bailey_3, serial_shops, shop,
          minmay_joined_circles
D:9:      layout_rooms, amcnicky_altar_gilded, hangedman_decor_points,
          minivault_21, st_stairs_3, hangedman_minor_magic
D:10:     layout_basic, gammafunk_temple_overflow_statue,
          nicolae_trove_entry_isolated
D:11:     layout_gridville, grunt_lair_entry_orc_guard_hut,
          minmay_orc_entry_temple_small, bh_circular_ruins
D:12:     layout_stronghold, okawaru_ov_weapons_minmay, uniq_sonja
Temple:   bh_familiar_temple

Skill      XL: |  1  2  3  4  5  6  7  8  9 10 11 |
---------------+----------------------------------+-----
Armour         | 2 3 4 5 6 7 |  7.1
Dodging        | 2 3 4 5 6 7 |  7.1
Axes           | 4 5 6 7 8 9 |  9.3
Fighting       | 4 5 6 7 8 |  8.9
Maces & Flails | 1 2 4 5 6 7 |  7.7
Bows           | 2 4 5 |  5.3
Shields        | 2 |  2.4
Evocations     | 2 |  2.6

Action                   |  1- 3 |  4- 6 |  7- 9 | 10-12 || total
-------------------------+-------+-------+-------+-------++-------
Melee: Hand axe          |   109 |   103 |       |       ||   212
       Tailslap          |    13 |    18 |    57 |    83 ||   171
       Flail             |       |    43 |   232 |   437 ||   712
 Fire: Longbow           |       |    12 |     8 |    30 ||    50
Throw: Boomerang         |       |       |       |     1 ||     1
Invok: Berserk           |     2 |     7 |     9 |    11 ||    29
       Trog's Hand       |       |       |       |     1 ||     1
 Abil: Rolling Charge    |       |       |     1 |       ||     1
Evoke: Wand              |       |       |    10 |     7 ||    17
  Use: Scroll            |       |       |     4 |     6 ||    10
       Potion            |       |       |       |     1 ||     1
 Stab: Sleeping          |     1 |     2 |       |       ||     3
       Distracted        |       |       |       |     1 ||     1
Armor: Animal skin       |    37 |    37 |       |       ||    74
       Ring mail         |       |     6 |    18 |       ||    24
       Chain mail        |       |       |   113 |   300 ||   413
Dodge: Dodged            |    44 |    70 |    92 |   222 ||   428

Table legend: (Time is in decaauts)
 A = Elapsed time spent in this place.
 B = Non-inter-level travel time spent in this place.
 C = Inter-level travel time spent in this place.
 D = Time resting spent in this place.
 E = Time spent auto-exploring this place.
 F = Levels seen in this place.
 G = Mean time per level.
                   A        B        C        D        E       F      G
               +--------+--------+--------+--------+--------+-----+--------+
         Total |  13217 |  12683 |    534 |   2360 |   5077 |  14 |  944.1 |
       Dungeon |  12108 |  11576 |    532 |   1915 |   5077 |  12 | 1009.0 |
        Temple |     38 |     36 |      2 |      0 |      0 |   1 |   38.0 |
        Bailey |   1069 |   1069 |      0 |    445 |      0 |   1 | 1069.0 |
               +--------+--------+--------+--------+--------+-----+--------+

Top non-repeatable levels by time:
     D:6: 1882 daAuts
     D:8: 1560 daAuts
     D:1: 1271 daAuts
     D:5: 1209 daAuts
     D:7: 1136 daAuts
  Bailey: 1069 daAuts
     D:3: 1007 daAuts
     D:2: 987 daAuts
     D:9: 882 daAuts
    D:10: 878 daAuts
     D:4: 637 daAuts
    D:12: 351 daAuts
    D:11: 304 daAuts
  Temple: 38 daAuts
